 Dungeon Crawl Stone Soup version 0.16-a0-2465-g0f9d4c6 (webtiles) character file.

217 Gruud the Chucker (level 5, 0/50 HPs)
             Began as an Ogre Hunter on Nov 20, 2014.
             Slain by a worm (6 damage)
             ... on level 3 of the Dungeon.
             The game lasted 00:10:10 (2338 turns).

Gruud the Chucker (Ogre Hunter)                     Turns: 2338, Time: 00:10:10

Health: 0/50       AC:  3    Str: 15    XL:     5   Next: 94%
Magic:  5/5        EV: 10    Int: 10    God:
Gold:   236        SH:  0    Dex: 11    Spells: 0 memorised, 4 levels left

rFire  . . .     SeeInvis .     a - +0 flail
rCold  . . .     Clarity  .     i - +0 robe
rNeg   . . .     SustAb   .     (shield restricted)
rPois  .         Gourm    +     (helmet restricted)
rElec  .         Spirit   .     (no cloak)
rCorr  .         Warding  .     (gloves unavailable)
rMut   .         Stasis   .     (boots unavailable)
MR     .....                    g - amulet of the gourmand
Stlth  +.........               (no ring)
                                d - -2 ring of strength (curse)

@: not resistant to hostile enchantments, very unstealthy
A: unfitting armour, regeneration 1, spit poison 1, tough skin 1, wild magic 1
a: Spit Poison


You were on level 3 of the Dungeon.
You were completely stuffed.

You visited 1 branch of the dungeon, and saw 3 of its levels.

You collected 236 gold pieces.

Inventory:

Hand weapons
 a - a +0 flail (weapon)
Missiles
 k - 4 needles of confusion
 q - 38 stones (quivered)
 s - 19 poisoned needles
Armour
 i - a +0 robe (worn)
Jewellery
 d - a cursed -2 ring of strength (left hand)
 g - an amulet of the gourmand (around neck)
Magical devices
 r - a wand of confusion (48)
Scrolls
 e - 2 scrolls of fear
 j - 2 scrolls of identify
 l - 2 scrolls of recharging
Potions
 m - a potion of haste
 n - a potion of resistance
 p - 3 potions of magic
 v - a potion of mutation
 w - a potion of flight {unknown}
Comestibles
 f - a meat ration
 h - 2 bread rations
 u - 2 chunks of flesh


   Skills:
 - Level 2.6 Fighting
 * Level 4.4 Maces & Flails
 + Level 6.5 Throwing
 - Level 1.7 Dodging
 - Level 0.7 Stealth


You had 4 spell levels left.
You didn't know any spells.

Dungeon Overview and Level Annotations

Branches:
Dungeon (3/15)

Altars:
Yredelemnul


Innate Abilities, Weirdness & Mutations

You are too large for most types of armour.
You have tough skin (AC +1).
Your natural rate of healing is unusually fast.
You can spit poison.
Your spells are a little harder to cast, but a little more powerful.


Message History

The worm is severely wounded.
The worm struggles to escape the net.
You hit the worm.
The worm is almost dead.
The worm struggles to escape the net.
The worm breaks free.
You hit the worm but do no damage.
The worm is almost dead.
You barely miss the worm.
The worm is almost dead.
The worm misses you.
You hit the worm.
The worm is almost dead.
The worm bites you!
* * * LOW HITPOINT WARNING * * *
You barely miss the worm.
The worm is almost dead.
You hit the worm but do no damage.
The worm is almost dead.
The worm bites you.
You die...

#.# #.# . #.# #### #.# #..##. ...
|.# #.# ..(. #.# #.# #.# .... #.#
#.#########.# #... #.#
##...........# #..#
#.###...#######..#
######..#####.#.##.....######..#
........(......#@#....).........#
#.†#######w##.....######.##
#.....w....###...## #.##
##.......)......## #...
################ ####


You could see a worm.

Vanquished Creatures
  Sigmund (D:3)
  A jelly (D:3)
  A worker ant (D:3)
  2 adders
  A giant mite (D:3)
  A worm (D:2)
  3 giant geckos
  A giant cockroach (D:2)
  9 hobgoblins
  4 jackals
  4 kobolds
  3 oozes
  A quokka (D:3)
  7 bats
  3 giant newts
  6 goblins
  7 rats
  A spectral orc (D:3)
56 creatures vanquished.

Vanquished Creatures (others)
  2 bats (D:3)
2 creatures vanquished.

Grand Total: 58 creatures vanquished

Notes
Turn   | Place    | Note
--------------------------------------------------------------
     0 | D:1      | Gruud, the Ogre Hunter, began the quest for the Orb.
     0 | D:1      | Reached XP level 1. HP: 22/22 MP: 1/1
   207 | D:1      | Reached XP level 2. HP: 21/29 MP: 2/2
   400 | D:1      | Reached skill level 1 in Maces & Flails
  1047 | D:2      | Reached skill level 5 in Throwing
  1050 | D:2      | Reached XP level 3. HP: 31/36 MP: 3/3
  1861 | D:3      | Reached XP level 4. HP: 39/44 MP: 4/4
  1942 | D:3      | Reached skill level 6 in Throwing
  1972 | D:3      | Reached XP level 5. HP: 40/50 MP: 5/5
  2115 | D:3      | Found a basalt altar of Yredelemnul.
  2188 | D:3      | Gained mutation: You can spit poison. [potion of mutation]
  2188 | D:3      | Gained mutation: Your spells are a little harder to cast, but a little more powerful. [potion of mutation]
  2188 | D:3      | Gained mutation: Your natural rate of healing is unusually fast. [potion of mutation]
  2285 | D:3      | Noticed Sigmund
  2323 | D:3      | Killed Sigmund
  2338 | D:3      | Slain by a worm

Action                   |  1- 3 |  4- 6 || total
-------------------------+-------+-------++-------
Melee: Club              |    79 |       ||    79
       Flail             |    46 |    67 ||   113
Throw: Stone             |    17 |    20 ||    37
       Large rock        |     7 |     9 ||    16
       Throwing net      |       |     2 ||     2
 Abil: Spit Poison       |       |     3 ||     3
  Use: Scroll            |    11 |     2 ||    13
       Potion            |       |     2 ||     2
 Stab: Held in net/web   |       |     2 ||     2
       Sleeping          |       |     1 ||     1
  Eat: Chunk             |     8 |     5 ||    13
